AoeStats
← [LaCD] diegocm

African Clearing

505131214Analyzed
4v4 RM · 25d ago on Sep 8, 2026· 41m 29s· 8 players
Game mode
Random Map
Map size
Large (8 player)
Population
200
Speed
Normal
Resources
Standard
Victory
Conquest
Starting age
Dark Age
Ending age
Imperial Age
RankedLock teamsTeams togetherTeam positionsShared explorationLock speedFull tech treeHidden civsTurbo modeCheats
Victory
Defeat
🇳🇿 Georgians · New Zealand
1263
+11
🇬🇧 Huns · United Kingdom
1161
+16
🇳🇿 Romans · New Zealand
1105
+18
🇺🇸 Japanese · United States
1104
+18
🇺🇸 Mongols · United States
1199
-18
🇵🇪 Huns · Peru
1151
-16
🇦🇹 Chinese · Austria
1144
-15
🇨🇴 Italians · Colombia
1108
-14
rampage943
6:17 Loom
12:23 Feudal Age
17:30 Castle Age
16:02 Double-Bit Axe
24:59 Gold Mining
25:41 Ballistics
28:11 Husbandry
28:48 Thumb Ring
30:01 Nomads
30:28 Bloodlines
34:40 Wheelbarrow
34:16 Light Cavalry
35:18 Stone Mining
38:26 Forging
38:22 Scale Barding Armor
38:23 Horse Collar
39:08 Fletching
39:18 Padded Archer Armor
Wellen_Willi
4:00 Loom
13:22 Feudal Age
14:08 Double-Bit Axe
18:30 Forging
23:52 Scale Mail Armor
28:53 Castle Age
28:59 Pikeman
29:40 Squires
29:59 Chain Mail Armor
30:59 Horse Collar
31:30 Bow Saw
31:50 Gold Mining
34:08 Bloodlines
33:59 Husbandry
34:06 Scale Barding Armor
36:57 Chain Barding Armor
40:38 Stone Mining
[LaCD] diegocm
4:50 Loom
12:57 Feudal Age
14:30 Town Watch
17:04 Double-Bit Axe
19:31 Castle Age
22:41 Wheelbarrow
23:15 Fletching
38:51 Bodkin Arrow
40:20 Padded Archer Armor
Yosef_
9:57 Loom
15:32 Feudal Age
19:50 Castle Age
18:37 Double-Bit Axe
18:54 Fletching
twitch.tv/WatzTheDeal
10:59 Loom
13:09 Feudal Age
17:45 Castle Age
23:51 Town Watch
29:00 Scale Mail Armor
37:10 Forging
37:57 Chain Mail Armor
40:25 Squires
chestnutplace77
13:52 Feudal Age
15:29 Loom
18:18 Castle Age
17:41 Double-Bit Axe
19:13 Bow Saw
19:21 Horse Collar
23:22 Town Watch
24:23 Wheelbarrow
26:46 Heavy Plow
27:51 Scale Barding Armor
29:29 Chain Barding Armor
32:08 Chain Barding Armor
34:21 Imperial Age
32:46 Forging
34:19 Iron Casting
34:47 Bloodlines
34:37 Husbandry
34:59 Hand Cart
35:29 Conscription
35:52 Plate Barding Armor
36:41 Blast Furnace
35:49 Elite Monaspa
40:18 Aznauri Cavalry
ttambow
12:29 Loom
13:29 Loom
15:15 Feudal Age
20:18 Castle Age
19:34 Wheelbarrow
19:44 Wheelbarrow
19:30 Scale Barding Armor
19:35 Forging
19:39 Double-Bit Axe
21:24 Bloodlines
22:46 Husbandry
24:19 Horse Collar
25:44 Hand Cart
26:10 Chain Barding Armor
28:09 Iron Casting
29:03 Husbandry
30:49 Heavy Plow
31:08 Bow Saw
35:30 Fletching
35:55 Ballistas
36:23 Town Watch
36:51 Bodkin Arrow
38:44 Ballistics
38:35 Masonry
43:10 Imperial Age
40:04 Light Cavalry
erdibirdy
12:02 Loom
15:28 Feudal Age
16:27 Double-Bit Axe
19:21 Castle Age
17:18 Gold Mining
18:51 Forging
19:42 Bloodlines
26:36 Scale Barding Armor
31:04 Bow Saw
36:20 Wheelbarrow
39:53 Horse Collar
40:50 Heavy Plow
42:02 Hand Cart
Connection lost

Rejoining the realm…

Still unreachable

The connection could not be restored.

Session expired

The server has moved on; the page needs a fresh start.